 Dungeon Crawl Stone Soup version 0.19.1 (webtiles) character file.

4708 Peloso the Carver (level 10, -3/76 HPs)
             Began as a Demonspawn Fighter on Dec 23, 2016.
             Was a Believer of Ashenzari.
             Slain by a killer bee (6 damage)
             ... on level 9 of the Dungeon.
             The game lasted 00:25:08 (9525 turns).

Peloso the Carver (Demonspawn Fighter)              Turns: 9525, Time: 00:25:08

Health: -3/76      AC: 12    Str: 19    XL:     10   Next: 22%
Magic:  11/11      EV: 10    Int:  9    God:    Ashenzari [**....]
Gold:   521        SH: 10    Dex: 14    Spells: 0 memorised, 9 levels left

rFire  . . .     SeeInvis .     a - +1 long sword (curse)
rCold  + . .     Gourm    .     F - +0 chain mail
rNeg   . . .     Faith    .     c - +0 shield
rPois  .         Spirit   .     x - +0 helmet (curse)
rElec  .         Reflect  .     g - +0 cloak
rCorr  .         Harm     .     K - -2 pair of gloves (curse)
MR     .....                    (no boots)
Stlth  ..........               (no amulet)
                                q - ring of wizardry
                                k - ring of protection from cold

@: lethally poisoned (-3 -> -4), very slightly contaminated
A: hooves 2, repulsion field 2, powered by pain 1
a: Curse Item, Scrying, Renounce Religion


You were on level 9 of the Dungeon.
You worshipped Ashenzari.
Ashenzari was pleased with you.
You were very hungry.

You visited 1 branch of the dungeon, and saw 9 of its levels.

You collected 521 gold pieces.

Inventory:

Hand Weapons
 a - a cursed +1 long sword (weapon)
Armour
 b - a +0 scale mail
 c - a +0 shield (worn)
 g - a +0 cloak (worn)
 x - a cursed +0 helmet (worn)
 F - a +0 chain mail (worn)
 K - a cursed -2 pair of gloves (worn)
Jewellery
 k - a ring of protection from cold (left hand)
 q - a ring of wizardry (right hand)
 y - an uncursed ring of resist corrosion
Wands
 e - a wand of flame (35/48)
 A - a wand of flame (21/48)
 B - a wand of lightning (8/15)
 C - a wand of acid (0/15)
 E - a wand of acid (8/15)
 L - a wand of confusion (25/48)
Scrolls
 m - 7 scrolls of remove curse
 o - 2 scrolls of enchant weapon
 u - a scroll of magic mapping
 N - a scroll of recharging
Potions
 d - a potion of ambrosia
 h - 2 potions of degeneration
 l - a potion of berserk rage
 n - a potion of heal wounds
 p - a potion of cure mutation
 r - a potion of haste
 z - a potion of cancellation {unknown}
 G - 2 potions of resistance {unknown}
 I - a potion of flight {unknown}
 M - a potion of mutation {unknown}
 O - a potion of brilliance {unknown}
Books
 H - a book of Changes

   Spells                             Type                      Level
   a - Beastly Appendage              Transmutation                1
   b - Sticks to Snakes               Transmutation                2
   c - Spider Form                    Transmutation/Poison         3
   d - Ice Form                       Ice/Transmutation            4
   e - Blade Hands                    Transmutation                5
 J - a book of Debilitation

   Spells                             Type                      Level
   a - Corona                         Hexes                        1
   b - Slow                           Hexes                        2
   c - Gell's Gravitas                Hexes/Translocation          3
   d - Inner Flame                    Hexes/Fire                   3
   e - Cause Fear                     Hexes                        4
   f - Leda's Liquefaction            Hexes/Earth                  4
Comestibles
 f - 4 bread rations
 j - 2 fruits
 t - 3 slices of pizza
 w - 4 meat rations
 P - a beef jerky


   Skills:
 + Level 6.1 Fighting
 + Level 8.9(11.1) Long Blades
 + Level 6.4 Armour
 + Level 3.2 Dodging
 + Level 1.3 Stealth
 + Level 6.8 Shields
 + Level 1.4 Evocations


You had 9 spell levels left.
You didn't know any spells.

Dungeon Overview and Level Annotations

Branches:
Dungeon (9/15)             Temple (0/1) D:7            Lair (0/6) D:9
    Orc: D:9-12

Altars:
Ashenzari
Elyvilon
Fedhas
Gozag
Hepliaklqana
Nemelex Xobeh
Trog
Uskayaw
Vehumet
Xom
Yredelemnul

Shops:
D:5 *

Annotations:
D:8 solomon12318's ghost, novice MiFi
D:9 Erolcha


Innate Abilities, Weirdness & Mutations

You have hoof-like feet.
You are surrounded by a moderate repulsion field. (EV +3)
You sometimes gain a little power by taking damage.


Message History

The killer bee stings you but does no damage. x2
You slash the killer bee! Your kick misses the killer bee.
The killer bee is heavily wounded.
The killer bee stings you but does no damage.
The killer bee stings you.
* * * LOW HITPOINT WARNING * * *
You miss the killer bee. Your kick misses the killer bee.
The killer bee is heavily wounded.
The killer bee stings you.
* * * LOW HITPOINT WARNING * * *
You are poisoned.
The killer bee poisons you! You block the killer bee's attack.
You miss the killer bee.
The killer bee is heavily wounded.
You feel sick.
The killer bee stings you but does no damage.
You miss the killer bee. Your kick misses the killer bee.
The killer bee is heavily wounded.
The killer bee stings you.
You die...

.........# #.......#.#.#.###y###
..#####..####.............yy...#.
..# #...............#.#.####.y.
..#####.#####.........#.#.# ##.#
......................#.#.# #.#
.######.#####.....†...#.#.# #.#
.# #.# ####.##..##.#.#####.# .#
#.# #y##..##.........#
.######.########@##.)####.#######
.##............#.##..####.#
.##.###>.........<........#
.##..................######
.........#####.##.#.## ..#.####.#
#.##.#.# ....# #.# #......# #####
#.# ####.### #.# #.#


You could see a killer bee.

Vanquished Creatures
  A hill giant (D:6)
  A kobold demonologist (D:9)
  A hornet (D:6)
  Prince Ribbit (D:6)
  A hippogriff (D:9)
  Menkaure (D:5)
  Edmund (D:6)
  2 ice beasts (D:9)
  2 orc warriors
  A sky beast (D:9)
  2 black bears
  2 ogres
  2 centaurs
  5 bullfrogs
  2 scorpions
  8 killer bees (D:9)
  5 wights
  A crimson imp (D:6)
  5 jellies
  A bullfrog zombie (D:5)
  8 orc wizards
  3 hounds
  2 iguanas
  Jessica (D:3)
  A centaur skeleton (D:5)
  6 worker ants
  A hound zombie (D:8)
  A hound skeleton (D:6)
  5 worker ant zombies
  Robin (D:2)
  18 adders
  2 shadow imps
  4 oozes (D:1)
  A worm (D:5)
  5 dart slugs
  4 leopard geckos
  31 orcs
  A ball python (D:5)
  3 giant cockroaches
  13 goblins
  10 hobgoblins
  11 jackals
  4 quokkas
  6 bats
  3 frilled lizards
  4 kobolds
  A leopard gecko skeleton (D:4)
  A quokka skeleton (D:8)
  A quokka zombie (D:9)
  12 rats
209 creatures vanquished.

Vanquished Creatures (others)
  An orc wizard (D:3)
1 creature vanquished.

Grand Total: 210 creatures vanquished

Notes
Turn   | Place    | Note
-------+----------+-------------------------------------------
     0 | D:1      | Peloso the Demonspawn Fighter began the quest for the Orb.
     0 | D:1      | Reached XP level 1. HP: 18/18 MP: 1/1
     4 | D:1      | Noticed a seven-headed hydra
     7 | D:1      | Noticed an elephant
    53 | D:1      | Gained mutation: You are surrounded by a mild repulsion field. (EV +2) [demonic ancestry]
    53 | D:1      | Reached XP level 2. HP: 24/24 MP: 2/2
   165 | D:1      | Reached skill level 2 in Long Blades
   353 | D:1      | Gained mutation: You are surrounded by a moderate repulsion field. (EV +3) [demonic ancestry]
   353 | D:1      | Reached XP level 3. HP: 25/29 MP: 3/3
  1010 | D:2      | Found a sparkling altar of Nemelex Xobeh.
  1013 | D:2      | Found a basalt altar of Yredelemnul.
  1016 | D:2      | Found a hazy altar of Hepliaklqana.
  1019 | D:2      | Found a radiant altar of Vehumet.
  1094 | D:2      | HP: 1/29 [poisoned by an adder]
  1095 | D:2      | Reached XP level 4. HP: 28/35 MP: 4/4
  1138 | D:2      | Found a shattered altar of Ashenzari.
  1154 | D:2      | Became a worshipper of Ashenzari the Shackled
  1276 | D:2      | Noticed Robin
  1291 | D:2      | Killed Robin
  1303 | D:2      | Reached skill level 3 in Long Blades
  1617 | D:2      | Found a faded altar of an unknown god.
  1989 | D:3      | Gained mutation: You have large cloven feet. [demonic ancestry]
  1989 | D:3      | Reached XP level 5. HP: 38/41 MP: 5/5
  2034 | D:3      | Found a shimmering altar of Xom.
  2036 | D:3      | Found a white marble altar of Elyvilon.
  2036 | D:3      | Found a blossoming altar of Fedhas.
  2038 | D:3      | Found a basalt altar of Yredelemnul.
  2038 | D:3      | Found a bloodstained altar of Trog.
  2038 | D:3      | Found an opulent altar of Gozag.
  2071 | D:3      | Found an opulent altar of Gozag.
  2560 | D:3      | Reached skill level 1 in Dodging
  2743 | D:3      | Noticed Jessica
  2749 | D:3      | Killed Jessica
  3047 | D:4      | Noticed an ogre
  3049 | D:4      | Killed an ogre
  3049 | D:4      | Gained mutation: You have hoof-like feet. [demonic ancestry]
  3049 | D:4      | Reached XP level 6. HP: 48/48 MP: 6/6
  3094 | D:4      | Reached skill level 4 in Long Blades
  4061 | D:4      | Reached * piety under Ashenzari
  4102 | D:5      | Entered Level 5 of the Dungeon
  4157 | D:5      | Gained mutation: You sometimes gain a little power by taking damage. [demonic ancestry]
  4157 | D:5      | Reached XP level 7. HP: 54/54 MP: 7/7
  4247 | D:5      | Noticed Menkaure
  4256 | D:5      | Killed Menkaure
  4433 | D:5      | Reached skill level 5 in Long Blades
  4780 | D:5      | Found Keusei's Serpentskin Sales.
  4898 | D:5      | Reached skill level 6 in Long Blades
  4898 | D:5      | Reached XP level 8. HP: 51/60 MP: 8/8
  5367 | D:6      | Noticed Edmund
  5413 | D:6      | Killed Edmund
  5436 | D:6      | Reached skill level 5 in Shields
  5604 | D:6      | Noticed Prince Ribbit
  5630 | D:6      | Reached skill level 5 in Armour
  5634 | D:6      | Killed Prince Ribbit
  5634 | D:6      | Reached skill level 7 in Long Blades
  6041 | D:6      | Noticed a hill giant
  6051 | D:6      | Killed a hill giant
  6051 | D:6      | Reached skill level 5 in Fighting
  6051 | D:6      | Reached XP level 9. HP: 61/68 MP: 9/9
  6169 | D:6      | HP: 3/68 [hornet (10)]
  6169 | D:6      | Paralysed by a hornet for 1 turns
  6180 | D:6      | Reached skill level 1 in Evocations
  6842 | D:7      | Found a staircase to the Ecumenical Temple.
  7378 | D:7      | Reached ** piety under Ashenzari
  8071 | D:8      | Noticed a dagger
  8072 | D:8      | Found a hide-covered altar of Uskayaw.
  8072 | D:8      | Noticed a hand axe
  8178 | D:8      | Noticed solomon12318's ghost (novice MiFi)
  8226 | D:9      | Reached skill level 8 in Long Blades
  8330 | D:9      | Found a staircase to the Lair.
  8332 | D:9      | Noticed Erolcha
  8332 | D:9      | Paralysed by Erolcha for 3 turns
  8739 | D:9      | Reached skill level 1 in Stealth
  8747 | D:9      | Noticed a kobold demonologist
  8756 | D:9      | Noticed a hellwing
  8771 | D:9      | Noticed an orange demon
  8774 | D:9      | Killed a kobold demonologist
  8774 | D:9      | Reached XP level 10. HP: 55/76 MP: 11/11
  9524 | D:9      | HP: 3/76 [poisoned by a killer bee]
  9525 | D:9      | Slain by a killer bee

Skill      XL: |  1  2  3  4  5  6  7  8  9 10 |
---------------+-------------------------------+-----
Long Blades    | 2 3 4 6 7 8 |  8.9
Armour         | 3 4 5 6 |  6.4
Shields        | 3 4 5 6 |  6.8
Dodging        | 1 2 3 |  3.2
Fighting       | 4 5 6 |  6.1
Evocations     | 1 |  1.4
Stealth        | 1 |  1.3

Action                   |  1- 3 |  4- 6 |  7- 9 | 10-12 || total
-------------------------+-------+-------+-------+-------++-------
Melee: Long sword        |   101 |   244 |   566 |   126 ||  1037
       Kick              |       |    43 |   201 |    35 ||   279
Invok: Curse Item        |       |     2 |       |       ||     2
Evoke: Wand              |       |     2 |     9 |       ||    11
  Use: Potion            |     1 |       |     4 |     2 ||     7
       Scroll            |       |    10 |     7 |     2 ||    19
  Eat: Chunk             |     1 |     9 |    15 |     1 ||    26
       Beef jerky        |       |       |     1 |       ||     1
       Fruit             |       |       |     1 |       ||     1
Armor: Scale mail        |    29 |    43 |       |       ||    72
       Chain mail        |       |    49 |   283 |    49 ||   381
Dodge: Dodged            |    48 |    88 |   184 |    49 ||   369
Block: Shield            |    46 |   115 |   286 |    70 ||   517
       Rpst.: Long sword |    19 |    27 |    53 |    12 ||   111
